 Dungeon Crawl Stone Soup version 0.30.1 (webtiles) character file.

Game seed: 4577170726307704955

50 cayman329 the Chopper (level 3, -1/35 HPs)
             Began as a Gnoll Cinder Acolyte on July 3, 2023.
             Was a High Priest of Ignis.
             Slain by an iguana (11 damage)
             ... on level 4 of the Dungeon.
             The game lasted 00:02:04 (1251 turns).

cayman329 the Chopper (Gnoll Cinder Acolyte)        Turns: 1251, Time: 00:02:04

Health: -1/35      AC:  9    Str: 13    XL:     3   Next: 79%
Magic:  7/7        EV: 11    Int: 13    God:    Ignis [*****.]
Gold:   34         SH:  0    Dex:  9    Spells: 5/7 levels left

rFire   + . .        a - -1 hand axe (flame)
rCold   . . .        (no shield)
rNeg    . . .        b - +0 robe
rPois   .            (no helmet)
rElec   .            (no cloak)
rCorr   .            (no gloves)
SInv    .            (no boots)
Will    .....        (no amulet)
Stlth   +            (no ring)
HPRegen 0.25/turn    (no ring)
MPRegen 0.10/turn

%: no passive effects
@: fiery-armoured
A: fangs 1, strong nose, distributed training
a: Renounce Religion, Fiery Armour, Foxfire Swarm, Rising Flame


You were on level 4 of the Dungeon.
You worshipped Ignis.
Ignis was extremely pleased with you.
You visited 1 branch of the dungeon, and saw 3 of its levels.

You collected 34 gold pieces.

Inventory:

Hand Weapons
 a - a -1 hand axe of flaming (weapon)
 j - a +0 long sword
Missiles
 e - 24 stones (quivered)
Armour
 b - a +0 robe (worn)
Jewellery
 k - a ring of ice
Scrolls
 f - 2 scrolls of teleportation {unknown}
Potions
 c - 2 potions of mutation {unknown}
 d - a potion of heal wounds {unknown}
 g - 4 potions of haste
 h - a potion of curing {unknown}
 i - 2 potions of degeneration {unknown}


   Skills:
 + Level 6.5 Fighting
 + Level 1.0 Short Blades
 + Level 1.0 Long Blades
 + Level 6.5 Axes
 + Level 1.0 Maces & Flails
 + Level 1.0 Polearms
 + Level 1.0 Staves
 + Level 1.0 Ranged Weapons
 + Level 1.0 Throwing
 + Level 1.0 Armour
 + Level 1.0 Dodging
 + Level 1.0 Stealth
 + Level 1.0 Shields
 + Level 1.0 Unarmed Combat
 + Level 2.9 Spellcasting
 + Level 0.7 Conjurations
 + Level 0.7 Hexes
 + Level 0.7 Summonings
 + Level 0.7 Necromancy
 + Level 0.7 Translocations
 + Level 0.7 Transmutations
 + Level 5.4 Fire Magic
 + Level 0.7 Ice Magic
 + Level 0.7 Air Magic
 + Level 0.7 Earth Magic
 + Level 0.7 Poison Magic
 + Level 1.0 Invocations
 + Level 1.0 Evocations


You had 5 spell levels left.
You knew the following spells:

 Your Spells              Type           Power      Damage    Failure   Level
a - Scorch                Fire           32%        2d6       3%          2

Your spell library contained the following spells:

 Spells                   Type           Power      Damage    Failure   Level


Dungeon Overview and Level Annotations

Branches:
Dungeon (2/15)

Altars:

Shops:
D:4 [


Innate Abilities, Weirdness & Mutations

You have very sharp teeth.
Your uncanny sense of smell can sniff out nearby items.
Your experience applies equally to all skills.


Message History

The slug dart hits you but does no damage.
The dart slug launches a dart at you.
The slug dart hits you but does no damage.
Things that are here:
a +0 hand axe; a +0 leather armour; an orc corpse You hit the dart slug but do no damage.
The dart slug barely misses you.
You barely miss the dart slug. The dart slug bites you.
The dart slug is burned by your cloak of flames.
The dart slug is almost dead.
You hit the dart slug. You burn the dart slug.
You kill the dart slug!
The iguana misses you.
Things that are here:
a +0 hand axe; a +0 leather armour; an orc corpse The iguana bites you.
The iguana is burned by your cloak of flames.
The iguana is lightly wounded.
You hit the iguana but do no damage.
The iguana is lightly wounded.
The iguana bites you.
The iguana is burned by your cloak of flames.
The iguana is moderately wounded.
You hit the iguana. You burn the iguana.
The iguana is heavily wounded.
The iguana barely misses you.
You hit the iguana but do no damage. Your bite misses the iguana.
The iguana is heavily wounded.
The iguana bites you.
The iguana is burned by your cloak of flames.
The iguana is severely wounded.
You hit the iguana but do no damage.
The iguana is severely wounded.
The iguana bites you!
* * * LOW HITPOINT WARNING * * *
The iguana is burned by your cloak of flames.
The iguana is almost dead.
You hit the iguana but do no damage.
The iguana is almost dead.
The iguana bites you!
You die...

..#..........#
∩.#.####.###.# ###
..#.####.###.########..
###l..........##.. ..#
......#..#.#..##.#...
......#..#.#..##.#.#
..............)....# .##
....#.#....##.##l####.....
###.#......##.##@)....#
#.###.......#########
###.####..#####
#.........# ∆ ...###..###
.....#......... ∆
...#.....####.. #.####..##
#.. ...#


You could see an iguana.

Vanquished Creatures
  An adder (D:2)
  4 dart slugs
  2 orcs (D:4)
  4 endoplasms (D:1)
  A hobgoblin (D:4)
  4 kobolds
  A ball python (D:1)
  3 bats (D:1)
  3 frilled lizards (D:1)
  6 goblins
  2 rats (D:1)
31 creatures vanquished.

Notes
Turn   | Place    | Note
-------+----------+-------------------------------------------
     0 | D:1      | cayman329 the Gnoll Cinder Acolyte began the quest for the
                  | Orb.
     0 | D:1      | Reached XP level 1. HP: 23/23 MP: 4/4
   186 | D:1      | Reached XP level 2. HP: 29/29 MP: 5/5
   189 | D:1      | Learned a level 2 spell: Scorch
   590 | D:1      | Reached XP level 3. HP: 35/35 MP: 7/7
  1003 | D:2      | Reached skill level 1 in Invocations
  1081 | D:2      | You fall into a shaft and drop 2 floors!
  1113 | D:4      | Found Diedghoso's Antique Armour Shoppe.
  1233 | D:4      | Reached skill level 1 in Short Blades
  1233 | D:4      | Reached skill level 1 in Long Blades
  1233 | D:4      | Reached skill level 1 in Maces & Flails
  1233 | D:4      | Reached skill level 1 in Polearms
  1233 | D:4      | Reached skill level 1 in Staves
  1233 | D:4      | Reached skill level 1 in Ranged Weapons
  1233 | D:4      | Reached skill level 1 in Throwing
  1233 | D:4      | Reached skill level 1 in Armour
  1233 | D:4      | Reached skill level 1 in Dodging
  1233 | D:4      | Reached skill level 1 in Stealth
  1233 | D:4      | Reached skill level 1 in Shields
  1233 | D:4      | Reached skill level 1 in Unarmed Combat
  1233 | D:4      | Reached skill level 1 in Evocations
  1251 | D:4      | Slain by an iguana

Illustrated notes

Levels and vault maps discovered:
D:1:      nzn_arrival_depleted_hourglass, layout_loops_corners, grunt_decor_cap,
          st_stairs_6, hangedman_abyss_or_decor_lesser_grid,
          grunt_decor_one_mirror
D:2:      minmay_evil_eye, layout_basic
D:4:      layout_loops_cross, okawaru_altar_gauntlet_db, nicolae_take_the_stairs

Skill      XL: |  1  2  3 |
---------------+----------+-----
Invocations    | 1 |  1.0
Short Blades   | 1 |  1.0
Long Blades    | 1 |  1.0
Maces & Flails | 1 |  1.0
Polearms       | 1 |  1.0
Staves         | 1 |  1.0
Ranged Weapons | 1 |  1.0
Throwing       | 1 |  1.0
Armour         | 1 |  1.0
Dodging        | 1 |  1.0
Stealth        | 1 |  1.0
Shields        | 1 |  1.0
Unarmed Combat | 1 |  1.0
Evocations     | 1 |  1.0
Fighting       | |  6.5
Axes           | |  6.5
Spellcasting   | |  2.9
Conjurations   | |  0.7
Hexes          | |  0.7
Summonings     | |  0.7
Necromancy     | |  0.7
Translocations | |  0.7
Transmutations | |  0.7
Fire Magic     | |  5.4
Ice Magic      | |  0.7
Air Magic      | |  0.7
Earth Magic    | |  0.7
Poison Magic   | |  0.7

Action                     || total
---------------------------++-------
  Melee: Hand axe          ||    57
         Bite              ||     5
         Punch             ||     1
   Cast: Scorch            ||     8
 Invoke: Fiery Armour      ||     1
 Armour: Robe              ||    25
  Dodge: Dodged            ||    50
